 Dungeon Crawl Stone Soup version 0.31-a0-728-g01b46875f1 (webtiles) character file.

Game seed: 8761886496948265965

67 cforsyth the Trooper (level 4, -9/37 HPs)
             Began as a Djinni Chaos Knight on Sept 11, 2023.
             Was a Plaything of Xom.
             Mangled by a guardian serpent (shapeshifter) (19 damage)
             ... on level 2 of the Dungeon.
             The game lasted 00:02:01 (1411 turns).

cforsyth the Trooper (Djinni Chaos Knight)          Turns: 1411, Time: 00:02:01

Health: -9/37      AC:  5    Str: 11    XL:     4   Next: 38%
Gold:   121        EV: 11    Int: 16    God:    Xom [....*.] SH:  0 Dex: 12

rFire   + + .        a - +0 falchion (chaos)
rCold   x . .        (no shield)
rNeg    . . .        b - +2 leather armour
rPois   ∞            (no helmet)
rElec   .            (no cloak)
rCorr   .            (no gloves)
SInv    .            (boots unavailable)
Will    .....        (no amulet)
Stlth   +            (no ring)
HPRegen 0.26/turn    (no ring)
MPRegen 0.00/turn

%: infuse magic (-10 HP)
@: flying
A: sickness immunity, fire resistance 2, cold vulnerability 1, float, innate
caster, HP casting, extra vitality 1
a: Renounce Religion


You were on level 2 of the Dungeon.
You worshipped Xom.
You were a beloved toy of Xom.
You visited 1 branch of the dungeon, and saw 2 of its levels.

You collected 121 gold pieces.

Inventory:

Hand Weapons
 a - a +0 falchion of chaos (weapon)
Armour
 b - a +2 leather armour (worn)
Scrolls
 d - a scroll of revelation {unknown}
 e - 2 scrolls of identify {unknown}
Potions
 f - a potion of heal wounds {unknown}
 g - a potion of haste {unknown}
 h - a potion of attraction {unknown}


   Skills:
 + Level 4.0 Fighting
 - Level 2.6 Long Blades
 - Level 1.0 Armour
 - Level 2.1 Dodging
 + Level 1.7 Spellcasting
 + Level 1.7 Conjurations
 + Level 1.7 Hexes
   Level 0.0 Charms
 + Level 1.7 Summonings
 + Level 1.7 Necromancy
 + Level 1.7 Translocations
 + Level 1.7 Transmutations
 + Level 1.7 Fire Magic
 + Level 1.7 Ice Magic
 + Level 1.7 Air Magic
 + Level 1.7 Earth Magic
 + Level 1.7 Poison Magic


You knew the following spells:

 Your Spells              Type           Power      Damage    Failure   Level
a - Sandblast             Erth           12%        2d6       14%         1
Your spell library was empty.

Dungeon Overview and Level Annotations

Branches:
Dungeon (2/15)

Altars:

Annotations:
D:2 Natasha


Innate Abilities, Weirdness & Mutations

You are immune to sickness and miasma.
You are immune to poison.
Your flesh is very heat resistant. (rF++)
You are vulnerable to cold. (rC-)
You float through the air rather than walking.
You learn spells naturally, not from books.
Your magical power is your life essence.
You have superior vitality. (+4 MHP)


Message History

The worm is knocked back by the sudden gust.
The worm bites you!
You die... "Not here, not now."
Xom revives you!
Unknown command.
Unknown command.
You swap places.
The worm closely misses your butterfly.
Things that are here:
a +0 whip; 4 stones; a kobold corpse You swap places.
The worm misses your butterfly.
You swap places.
You swap places.
Something closely misses your butterfly.
There is an open door here.
Your butterfly disappears in a burst of colours!
There is a stone staircase leading up here.
You start resting.
HP restored.
There is a stone staircase leading down here.
Found 5 boomerangs.
You see here 5 boomerangs.
You see here 5 boomerangs. "Go forth and redecorate, my child!"
A worm is nearby!
A worm is nearby!
You hit the worm.
The worm suddenly seems more resistant.
The worm is lightly wounded.
You hit the worm.
The worm changes into a shapeshifter!
The shapeshifter is lightly wounded.
The shapeshifter changes into a guardian serpent!
You miss the guardian serpent. The guardian serpent hits you!
You hit the guardian serpent but do no damage.
The guardian serpent hits you!!
Ouch! That really hurt!
* * * LOW HITPOINT WARNING * * *
The guardian serpent hits you!!
Ouch! That really hurt!
You die...
Xom is highly amused!

##(.......)....#..### #
#.................#.### ##
#..............#.#..#.### .#
#.............^#'#.#..#.###
.##
#..............#b###.#..#.##
..#
#<.............#b..###.#..#.
#.#
##.........<...###..b###.#..
..######.......S....#
###bbb###..
..............##@☼..#
##wb##.#.
..>.##############..#
#bbb.##.#.. .##.# ##.......#
##bb##.#..# .##.# #..###...#
.bb##.#..#. .##.## ####.##
#...##bb##.#..#.# .##..##
#....####...#bb##.#..#.##
.###..#
#†......#...#.##.#..#.## ##
##.# #....##.....###.#..#.##
# #.# #....###...>##.#..#.##


You could see a guardian serpent shaped shifter.

Vanquished Creatures
  3 adders (D:2)
  A worm (D:2)
  2 endoplasms
  2 giant cockroaches
  6 goblins
  2 hobgoblins
  A jackal (D:2)
  4 kobolds (D:2)
  2 quokkas
  4 ball pythons
  4 bats
  2 frilled lizards
  2 rats (D:2)
35 creatures vanquished.

Notes
Turn   | Place    | Note
-------+----------+-------------------------------------------
     0 | D:1      | cforsyth the Djinni Chaos Knight began the quest for the
                  | Orb.
     0 | D:1      | Reached XP level 1. HP: 20/20 MP: 0/0
   110 | D:1      | Reached XP level 2. HP: 23/25 MP: 0/0
   343 | D:1      | XOM: noise
   445 | D:1      | XOM: silly message
   588 | D:2      | Reached skill level 1 in Spellcasting
   588 | D:2      | Reached skill level 1 in Conjurations
   588 | D:2      | Reached skill level 1 in Hexes
   588 | D:2      | Reached skill level 1 in Summonings
   588 | D:2      | Reached skill level 1 in Necromancy
   588 | D:2      | Reached skill level 1 in Translocations
   588 | D:2      | Reached skill level 1 in Transmutations
   588 | D:2      | Reached skill level 1 in Fire Magic
   588 | D:2      | Reached skill level 1 in Ice Magic
   588 | D:2      | Reached skill level 1 in Air Magic
   588 | D:2      | Reached skill level 1 in Earth Magic
   588 | D:2      | Reached skill level 1 in Poison Magic
   661 | D:2      | XOM: smoke on damage
   672 | D:2      | Reached XP level 3. HP: 13/30 MP: 0/0
   672 | D:2      | Learned a level 1 spell: Sandblast
   854 | D:2      | Noticed Natasha
   856 | D:2      | XOM: confuse monster(s)
   857 | D:2      | XOM: 1-stop teleportation journey
   916 | D:2      | Reached XP level 4. HP: 34/37 MP: 0/0
   969 | D:2      | XOM: 3-stop teleportation journey
   981 | D:2      | Reached skill level 4 in Fighting
  1191 | D:2      | XOM: smoke on damage
  1193 | D:2      | Xom revived you
  1389 | D:2      | XOM: cloud trail
  1409 | D:2      | a worm changed into a shapeshifter
  1409 | D:2      | Noticed a shapeshifter (shapeshifter)
  1409 | D:2      | a shapeshifter changed into a guardian serpent
  1409 | D:2      | Noticed a guardian serpent (shapeshifter)
  1411 | D:2      | Mangled by a guardian serpent (shapeshifter)

Illustrated notes

Levels and vault maps discovered:
D:1:      reono_arrival_mine, layout_loops_ring
D:2:      minmay_razor_zed, layout_rooms, uniq_natasha

Skill      XL: |  1  2  3  4 |
---------------+-------------+-----
Spellcasting   | 1 |  1.7
Conjurations   | 1 |  1.7
Hexes          | 1 |  1.7
Summonings     | 1 |  1.7
Necromancy     | 1 |  1.7
Translocations | 1 |  1.7
Transmutations | 1 |  1.7
Fire Magic     | 1 |  1.7
Ice Magic      | 1 |  1.7
Air Magic      | 1 |  1.7
Earth Magic    | 1 |  1.7
Poison Magic   | 1 |  1.7
Fighting       | 4 |  4.0
Long Blades    | |  2.6
Armour         | |  1.0
Dodging        | |  2.1

Action                     |  1- 3 |  4- 6 || total
---------------------------+-------+-------++-------
  Melee: Falchion          |   100 |    41 ||   141
         Punch             |     1 |     1 ||     2
   Cast: Sandblast         |     1 |       ||     1
    Use: Scroll            |       |     1 ||     1
   Stab: Sleeping          |     1 |     2 ||     3
         Paralysed         |     1 |       ||     1
 Armour: Leather armour    |    67 |    32 ||    99
  Dodge: Dodged            |    67 |    25 ||    92

Table legend: (Time is in decaauts)
 A = Elapsed time spent in this place.
 B = Non-inter-level travel time spent in this place.
 C = Inter-level travel time spent in this place.
 D = Time resting spent in this place.
 E = Time spent auto-exploring this place.
 F = Levels seen in this place.
 G = Mean time per level.
                   A        B        C        D        E       F      G
               +--------+--------+--------+--------+--------+-----+--------+
         Total |   1435 |   1420 |     15 |     98 |   1027 |   2 |  717.5 |
       Dungeon |   1435 |   1420 |     15 |     98 |   1027 |   2 |  717.5 |
               +--------+--------+--------+--------+--------+-----+--------+

Top non-repeatable levels by time:
     D:2: 847 daAuts
     D:1: 587 daAuts
